 Dungeon Crawl Stone Soup version 0.28.0-53-g5a82cb258f (webtiles) character file.

Game seed: 3849343901928114693

51 adizb the Firebug (level 3, -1/26 HPs)
             Began as a Demigod Fire Elementalist on July 18, 2022.
             Slain by an iguana (8 damage)
             ... on level 2 of the Dungeon.
             The game lasted 00:04:45 (757 turns).

adizb the Firebug (Demigod Fire Elementalist)        Turns: 757, Time: 00:04:46

Health: -1/26      AC:  3    Str:  9    XL:     3   Next: 38%
Magic:  4/8        EV: 12    Int: 21    God:
Gold:   32         SH:  0    Dex: 14    Spells: 3/6 levels left

rFire   . . .      SeeInvis .   e - +0 short sword
rCold   . . .      Faith    .   (no shield)
rNeg    . . .      Spirit   .   a - +0 robe
rPois   .          Reflect  .   (no helmet)
rElec   .          Harm     .   (no cloak)
rCorr   .          Rampage  .   (no gloves)
Will    .....                   f - +0 pair of boots
Stlth   ++........              (no amulet)
HPRegen 0.08/turn               (no ring)
MPRegen 0.11/turn               (no ring)

@: no status effects
A: high MP 1, forlorn, divine attributes
a: no special abilities


You were on level 2 of the Dungeon.
You visited 1 branch of the dungeon, and saw 2 of its levels.

You collected 32 gold pieces.

Inventory:

Hand Weapons
 e - a +0 short sword (weapon)
Armour
 a - a +0 robe (worn)
 b - a +0 leather armour
 f - a +0 pair of boots (worn)
Scrolls
 c - 2 scrolls of brand weapon {unknown}
 d - a scroll of magic mapping {unknown}


   Skills:
 + Level 2.1 Dodging
 + Level 2.2 Stealth
 + Level 2.2 Spellcasting
 * Level 1.9 Conjurations
 + Level 2.9 Fire Magic


You had 3 spell levels left.
You knew the following spells:

 Your Spells              Type           Power      Damage    Failure   Level
a - Foxfire               Conj/Fire      48%        2x1d6     5%          1
b - Scorch                Fire           28%        2d6       6%          2

Your spell library contained the following spells:

 Spells                   Type           Power      Damage    Failure   Level
 Conjure Flame            Conj/Fire      12%        6-21      16%         3
 Inner Flame              Hex/Fire       8%         N/A       24%         3
 Flame Wave               Conj/Fire      12%        2d6       45%         4


Dungeon Overview and Level Annotations

Branches:
Dungeon (2/15)


Innate Abilities, Weirdness & Mutations

You have an increased reservoir of magic. (+10% MP)
You shall have no god before yourself.
Your divine heritage dramatically boosts your attributes as you level up.


Message History

Press: ? - help, Q - select action, (/) - cycle Dir - look around, f - activate You conjure some foxfire!
You feel sick. The adder closely misses you. The iguana closely misses you.
You hit the adder.
The adder is almost dead.
You feel sick.
The foxfire hits the iguana.
The iguana is heavily wounded.
The foxfire hits the adder.
You kill the adder!
The iguana barely misses you.
Casting: Foxfire (safe; 5% risk of failure)
Press: ? - help, Q - select action, (/) - cycle Dir - look around, f - activate You conjure some foxfire!
You feel sick. The iguana bites you.
You hit the iguana but do no damage.
The iguana is heavily wounded.
You feel sick.
The foxfire hits the rat.
You kill the rat!
The foxfire hits the iguana.
The iguana is heavily wounded.
The iguana barely misses you.
Casting: Foxfire (safe; 5% risk of failure)
Press: ? - help, Q - select action, (/) - cycle Dir - look around, f - activate You conjure some foxfire!
You feel sick.
You are no longer poisoned.
The iguana bites you but does no damage.
You hit the iguana but do no damage. Your punch misses the iguana.
The iguana is heavily wounded.
The foxfire hits the iguana but does no damage.
The iguana is heavily wounded.
The foxfire hits the iguana.
The iguana is almost dead.
The iguana bites you.
* * * LOW HITPOINT WARNING * * *
Casting: Foxfire (safe; 5% risk of failure)
Press: ? - help, Q - select action, (/) - cycle Dir - look around, f - activate You conjure some foxfire!
The iguana bites you!
You die...

.....# ....
....# ...
....##.. ......#
#.....#
#.....####
#v........
#§@v...# #
#§.l...# #.
......#'#...#
#....###.#.#...#
#... #.#.# ..#
#..^.###.#.# ..#
+........#.# .#
.. #..#.# .# #.
#..#.#


You could see an iguana (ally target).

Vanquished Creatures
  An adder (D:2)
  3 dart slugs
  2 bats (D:1)
  2 endoplasms (D:1)
  A giant cockroach (D:1)
  4 goblins (D:1)
  6 hobgoblins
  2 kobolds (D:1)
  2 quokkas (D:1)
  2 ball pythons (D:1)
  A frilled lizard (D:1)
  8 rats
34 creatures vanquished.

Vanquished Creatures (others)
  81 foxfires
81 creatures vanquished.

Grand Total: 115 creatures vanquished

Notes
Turn   | Place    | Note
-------+----------+-------------------------------------------
     0 | D:1      | adizb the Demigod Fire Elementalist began the quest for the
                  | Orb.
     0 | D:1      | Reached XP level 1. HP: 14/14 MP: 5/5
    63 | D:1      | Reached skill level 1 in Conjurations
   176 | D:1      | Reached XP level 2. HP: 20/20 MP: 2/7
   187 | D:1      | Learned a level 2 spell: Scorch
   623 | D:1      | Reached XP level 3. HP: 26/26 MP: 6/8
   757 | D:2      | Slain by an iguana

Illustrated notes

Levels and vault maps discovered:
D:1:      lightli_arrival_flooded_house, layout_rooms,
          hellmonk_ecumenical_altar_zigzags
D:2:      layout_basic, basic_altar, serial_shops, shop, shop, shop,
          nicolae_shop_overgrown_old_shop

Skill      XL: |  1  2 |
---------------+-------+-----
Conjurations   | 1 |  1.9
Stealth        | 2 |  2.2
Spellcasting   | 2 |  2.2
Dodging        | 2 |  2.1
Fire Magic     | |  2.9

Action                   || total
-------------------------++-------
Melee: Short sword       ||     8
 Cast: Foxfire           ||    52
Armor: Robe              ||     1
Dodge: Dodged            ||    16
